 Dungeon Crawl Stone Soup version 0.27.1-34-g3ba077fa99 (webtiles) character file.

Game seed: 18148378898609094821

1633 ticklebelly the Skirmisher (level 8, -5/74 HPs)
             Began as a Minotaur Berserker on Jan 7, 2022.
             Was a Priest of Trog.
             Slain by a yak (10 damage)
             ... on level 6 of the Dungeon.
             The game lasted 00:13:01 (6127 turns).

ticklebelly the Skirmisher (Minotaur Berserker)     Turns: 6127, Time: 00:13:01

Health: -5/74      AC: 13    Str: 24    XL:     8   Next: 66%
Magic:  7/7        EV:  9    Int:  4    God:    Trog [***...]
Gold:   444        SH:  0    Dex: 16    Spells: 7/7 levels left

rFire    . . .     SeeInvis .   q - +2 mace (holy)
rCold    . . .     Faith    .   (no shield)
rNeg     . . .     Spirit   .   b - +0 chain mail
rPois    .         Reflect  .   (helmet restricted)
rElec    .         Harm     .   x - scarf {repulsion}
rCorr    .         Rampage  .   e - +0 pair of gloves
Will     +....                  k - +0 pair of boots
Stlth    ..........             (no amulet)
HPRegen  0.22/turn              f - ring of willpower
MPRegen  0.10/turn              m - +6 ring of dexterity

@: repel missiles
A: horns 2, retaliatory headbutt
a: Renounce Religion, Berserk, Trog's Hand


You were on level 6 of the Dungeon.
You worshipped Trog.
Trog was most pleased with you.
You visited 1 branch of the dungeon, and saw 6 of its levels.

You collected 444 gold pieces.

Inventory:

Hand Weapons
 a - a +0 hand axe
 q - a +2 mace of holy wrath (weapon)
Armour
 b - a +0 chain mail (worn)
 e - a +0 pair of gloves (worn)
 g - a +0 plate armour
 k - a +0 pair of boots (worn)
 x - a scarf of repulsion (worn)
Jewellery
 f - a ring of willpower (left hand)
 m - a +6 ring of dexterity (right hand)
Wands
 l - a wand of iceblast (10)
 s - a wand of paralysis (6)
 u - a wand of polymorph (11)
Scrolls
 c - 2 scrolls of enchant weapon {unknown}
 h - 5 scrolls of identify {unknown}
 i - 3 scrolls of fear {unknown}
 j - 5 scrolls of teleportation {unknown}
 n - 2 scrolls of vulnerability {unknown}
 o - 2 scrolls of immolation {unknown}
 p - a scroll of magic mapping {unknown}
 r - a scroll of acquirement {unknown}
 t - 2 scrolls of amnesia {unknown}
 y - a scroll of fog {unknown}
 A - a scroll of enchant armour {unknown}
Potions
 d - 3 potions of curing {unknown}
 v - 2 potions of haste
 w - a potion of attraction {unknown}
 z - 3 potions of resistance {unknown}


   Skills:
 + Level 7.9 Fighting
 + Level 7.8 Axes
 + Level 7.3 Armour
 - Level 3.0 Dodging
 + Level 3.5 Evocations


You had 7 spell levels left.
You didn't know any spells.
Your spell library was empty.

Dungeon Overview and Level Annotations

Branches:
Dungeon (6/15)
 Temple: D:4-7

Altars:

Shops:
D:3 *


Innate Abilities, Weirdness & Mutations

You have a pair of horns on your head.
You reflexively headbutt those who attack you in melee.


Message History

You hit the yak. You headbutt the yak, but do no damage.
The yak is moderately wounded.
The yak misses you. The yak closely misses you.
You hit the yak. You headbutt the yak!
The yak is heavily wounded.
The yak barely misses you. You furiously retaliate!
You headbutt the yak! You hit the yak.
The yak is lightly wounded.
The yak gores you! The yak gores you but does no damage.
An iguana comes into view.
You barely miss the yak.
The iguana hisses angrily.
You headbutt the yak!
The yak is moderately wounded.
The yak gores you but does no damage. x2; The yak gores you.
A water moccasin comes into view.
You closely miss the yak.
The yak is moderately wounded.
The water moccasin hisses angrily.
The yak closely misses you. The yak gores you. The yak barely misses you.
You furiously retaliate!
You headbutt the yak! The shadow imp puffs mist at you.
You hit the yak but do no damage. You headbutt the yak.
The yak is severely wounded.
The yak barely misses you. You furiously retaliate!
You headbutt the yak. The yak gores you but does no damage. The yak misses you.
The yak gores you!
* * * LOW HITPOINT WARNING * * *
The yak gores you!
* * * LOW HITPOINT WARNING * * *
You hit the yak.
The yak is severely wounded.
The yak gores you but does no damage. The yak gores you!
* * * LOW HITPOINT WARNING * * *
The yak gores you but does no damage. The yak gores you.
* * * LOW HITPOINT WARNING * * *
You closely miss the yak.
The yak is severely wounded.
The yak barely misses you. You furiously retaliate!
You headbutt the yak. The yak gores you!
You die...

#..............##
#.
#.>.####.........#
##. #...###
#.#######.###..
..## ##.# #......
.# ...# #......
##.#.# ###....
#.##.+ +)#.###
###Y...# ###.# #
#YY@#..# #...# #
...S5YY###.#
#.##### ....l##
#.#######......
#...
#.........##### ##
### #..####.###
.### #.## ##.#
#.### ### ....
#..## #..#
#...###.. ....
#...###..##
#......## ....
#.......# #...####


You could see 5 yaks, a water moccasin, an iguana and a shadow imp.

Vanquished Creatures
  A sky beast (D:6)
  5 ogres
  2 necrophages
  A phantom (D:6)
  A kobold brigand (D:4)
  2 water moccasin zombies (D:5)
  A wyvern zombie (D:6)
  A scorpion (D:6)
  A howler monkey (D:5)
  2 bullfrog zombies
  A centaur zombie (D:5)
  2 jellies
  A hound (D:5)
  2 orc priests (D:4)
  An iguana (D:5)
  Ijyb (D:3)
  An orc wizard (D:6)
  4 gnolls (D:5)
  6 adders
  3 white imps
  An ufetubus (D:4)
  An adder skeleton (D:4)
  3 dart slugs
  8 orcs
  3 endoplasms
  3 giant cockroaches
  6 goblins
  7 hobgoblins
  4 jackals (D:3)
  24 kobolds
  4 quokkas
  9 ball pythons
  4 bats
  3 frilled lizards
  6 rats
125 creatures vanquished.

Vanquished Creatures (others)
  A fungus (D:1)
  8 plants (D:4)
  4 toadstools (D:1)
13 creatures vanquished.

Grand Total: 138 creatures vanquished

Notes
Turn   | Place    | Note
-------+----------+-------------------------------------------
     0 | D:1      | ticklebelly the Minotaur Berserker began the quest for the
                  | Orb.
     0 | D:1      | Reached XP level 1. HP: 19/19 MP: 0/0
   314 | D:1      | Found a faded altar of an unknown god.
   438 | D:1      | Reached XP level 2. HP: 26/27 MP: 1/1
  1197 | D:2      | Reached XP level 3. HP: 30/33 MP: 2/2
  1959 | D:2      | Reached XP level 4. HP: 30/41 MP: 3/3
  2539 | D:3      | Noticed Ijyb
  2557 | D:3      | Killed Ijyb
  2557 | D:3      | Reached ** piety under Trog
  2851 | D:3      | Found Wutz's General Store.
  3050 | D:4      | Reached XP level 5. HP: 47/47 MP: 4/4
  3052 | D:4      | Reached skill level 5 in Fighting
  3054 | D:4      | Reached skill level 5 in Axes
  3379 | D:4      | Noticed an ogre
  3384 | D:4      | Killed an ogre
  3385 | D:4      | Reached XP level 6. HP: 52/56 MP: 5/5
  3516 | D:4      | Reached *** piety under Trog
  3522 | D:4      | Reached skill level 5 in Armour
  4463 | D:5      | Entered Level 5 of the Dungeon
  4479 | D:5      | Reached XP level 7. HP: 54/63 MP: 6/6
  4613 | D:5      | Reached skill level 1 in Evocations
  5327 | D:6      | Reached XP level 8. HP: 61/73 MP: 7/7
  6127 | D:6      | Slain by a yak

Illustrated notes

Levels and vault maps discovered:
D:1:      dpeg_arrival_more_subterranean_lakeside_camping, layout_basic,
          hellmonk_ecumenical_altar_lost_god, kennysheep_nondescript,
          minmay_gold_behind_fungi
D:2:      layout_loops_corners, chequers_serial_rivers_micro_d,
          kennysheep_generic_room_5
D:3:      layout_rooms, serial_shops, nicolae_shop_crystal,
          minmay_misc_feat_more_columns, small_statue_intersection,
          kennysheep_nub, hangedman_feature_mirror, minmay_misc_feat_rows,
          uniq_ijyb
D:4:      kennysheep_kobold_camp, layout_layer_cave, serial_bayou_pond_e
D:5:      layout_loops_ring
D:6:      layout_layer_cave, minmay_misc_feat_cross, grunt_tough_drop

Skill      XL: |  1  2  3  4  5  6  7  8 |
---------------+-------------------------+-----
Fighting       | 4 5 6 7 |  7.9
Axes           | 4 5 6 7 |  7.8
Armour         | 3 4 5 6 7 |  7.3
Dodging        | 3 |  3.0
Evocations     | 2 3 |  3.5

Action                   |  1- 3 |  4- 6 |  7- 9 || total
-------------------------+-------+-------+-------++-------
Melee: Hand axe          |    73 |    49 |       ||   122
       Headbutt          |    10 |    21 |    36 ||    67
       Mace              |       |    61 |   105 ||   166
Invok: Berserk           |       |     2 |       ||     2
Evoke: Wand              |       |       |     1 ||     1
 Stab: Sleeping          |     1 |       |       ||     1
Armor: Animal skin       |    10 |       |       ||    10
       Ring mail         |    10 |       |       ||    10
       Chain mail        |     2 |    87 |    57 ||   146
Dodge: Dodged            |    42 |    71 |    46 ||   159
